Map: Ley Lines

Players

KingZugol - Winner!

  • Race: Zerg Zerg
  • Spawn Location: 1:00

Millifrill

  • Race: Zerg Zerg
  • League: Silver
  • Spawn Location: 7:00

VOD

Have the link to the VOD?

Description

Time

  • Played on: Aug. 5, 2025, 8:11 a.m.
  • Length: 14:47
Show
View Real Time Build Order
Export as new Build Order

KingZugol Zerg - Winner!

Build Orders: Hatch First 

Get SALT Encoding   

  12  0:00  Drone  
  13  0:12  Overlord  
  13  0:20  Drone  
  14  0:31  Drone x2  
  16  0:48  Hatchery  
  15  0:52  Drone  
  15  0:54  Drone  
  17  1:10  Spawning Pool  
  16  1:19  Drone x2  
  16  1:24  Drone  
  19  1:33  Overlord  
  19  1:50  Drone  
  20  1:57  Queen  
  20  2:00  Queen  
  24  2:03  Zergling x4  
  24  2:04  Zergling x2  
  27  2:11  Spine Crawler  
  26  2:17  Drone  
  26  2:18  Drone  
  28  2:27  Drone x2  
  30  2:56  Evolution Chamber  
  29  3:03  Roach Warren  
  28  3:06  Evolution Chamber  
  27  3:23  Drone x3  
  27  3:24  Drone x4  
  27  3:25  Drone  
  35  3:30  Extractor  
  35  3:31  Extractor  
  35  3:32  Drone x2  
  35  3:44  Overlord  
  35  4:02  Queen  
  37  4:03  Drone x3  
  37  4:04  Drone  
  37  4:05  Drone x2  
  43  4:18  Drone  
  43  4:20  Overlord  
  44  4:40  Drone x2  
  44  4:41  Drone  
  47  4:53  Zerg Missile Weapons Level 1  
  47  5:16  Extractor  
  47  5:17  Drone x2  
  47  5:18  Extractor, Drone  
  47  5:19  Drone  
  47  5:21  Drone x2  
  51  5:24  Overlord x3  
  50  5:50  Roach x5  
  50  5:51  Roach x2  
  62  5:59  Hatchery  
  61  6:08  Drone  
  61  6:10  Drone  
  63  6:14  Roach x6  
  75  6:22  Overlord  
  75  6:44  Roach  
  75  6:45  Roach x3  
  75  6:47  Overlord x5  
  83  6:54  Lair  
  83  6:57  Zerg Ground Armor Level 1  
  83  6:59  Overlord x2  
  83  7:29  Roach x6  
  97  7:30  Roach x2  
  99  7:53  Roach  
  99  7:54  Roach x6  
  99  7:55  Roach x3  
  119  7:59  Hatchery  
  119  8:00  Zerg Missile Weapons Level 2  
  119  8:01  Glial Reconstitution  
  118  8:11  Drone x3  
  118  8:12  Drone x4  
  125  8:13  Drone  
  126  8:20  Extractor  
  126  8:24  Extractor  
  124  8:43  Drone x3  
  124  8:44  Drone x3  
  124  8:47  Overlord x5  
  124  8:48  Overlord x3  
  130  9:04  Zerg Ground Armor Level 2  
  130  9:08  Roach x4  
  130  9:09  Roach x3  
  144  9:16  Roach  
  146  9:31  Infestation Pit  
  75  10:45  Roach  
  75  10:46  Roach x14  
  89  11:07  Overseer  
  89  11:10  Roach  
  89  11:11  Roach x5  
  101  11:17  Hive  
  101  11:19  Infestor x3  
  107  11:32  Drone x3  
  110  11:37  Overseer  
  108  11:57  Roach x8  
  108  11:58  Roach x2  
  128  12:19  Hatchery  
  127  12:23  Roach x10  
  127  12:29  Hatchery  
  146  12:41  Roach x6  
  146  12:42  Roach x6  
  116  14:24  Roach  
  116  14:25  Roach x15  
Show
View Real Time Build Order
Export as new Build Order

Millifrill Zerg 

Build Orders: Pool First 

Get SALT Encoding   

  12  0:01  Drone  
  13  0:09  Drone  
  14  0:14  Extractor  
  14  0:15  Drone  
  15  0:32  Spawning Pool  
  14  0:38  Extractor, Drone  
  15  0:43  Overlord  
  15  1:03  Hatchery  
  14  1:08  Drone  
  14  1:09  Drone  
  16  1:15  Extractor  
  16  1:16  Drone  
  16  1:20  Zergling x2  
  17  1:32  Zergling x2  
  18  1:46  Zergling x2  
  19  1:50  Queen  
  19  1:53  Zergling x2  
  22  2:04  Overlord  
  22  2:16  Overlord  
  22  2:18  Metabolic Boost  
  22  2:29  Zergling x2  
  24  2:30  Zergling x4  
  25  2:38  Zergling x4  
  27  2:46  Zergling x2  
  27  2:51  Overlord  
  28  2:53  Queen  
  30  3:05  Zergling x4  
  30  3:20  Roach Warren  
  30  3:25  Queen  
  31  3:27  Drone  
  31  3:28  Drone  
  33  3:36  Drone x2  
  33  3:39  Drone  
  36  3:43  Drone  
  36  3:47  Drone  
  38  3:55  Drone  
  38  3:56  Drone  
  38  3:58  Drone  
  38  4:01  Drone  
  42  4:13  Lair  
  42  4:19  Roach  
  44  4:29  Drone x6  
  44  4:30  Drone  
  51  4:47  Hatchery, Overlord  
  50  4:57  Extractor  
  49  5:02  Evolution Chamber  
  49  5:06  Evolution Chamber  
  51  5:07  Roach x4  
  55  5:17  Extractor  
  55  5:19  Extractor  
  53  5:22  Roach  
  53  5:23  Roach x2  
  59  5:48  Overlord x5  
  59  5:53  Zerg Melee Weapons Level 1  
  59  6:02  Drone x6  
  59  6:04  Overlord  
  65  6:14  Drone x3  
  65  6:15  Drone  
  69  6:26  Overseer  
  69  6:28  Zerg Missile Weapons Level 1  
  69  6:36  Hydralisk Den  
  68  6:41  Drone  
  68  6:43  Spore Crawler  
  68  6:48  Spore Crawler, Drone x2  
  68  6:53  Drone x2  
  71  6:57  Drone x2  
  73  7:01  Ravager x4  
  73  7:07  Grooved Spines  
  77  7:09  Hydralisk  
  79  7:17  Drone x3  
  79  7:18  Drone  
  79  7:21  Overlord  
  83  7:28  Hydralisk x2  
  87  7:38  Drone x3  
  87  7:41  Drone x3  
  93  7:50  Zerg Melee Weapons Level 2  
  93  7:53  Hydralisk  
  93  7:57  Muscular Augments  
  95  8:10  Hydralisk x5  
  95  8:11  Hydralisk  
  107  8:44  Drone  
  107  8:45  Drone x4  
  107  8:47  Extractor  
  111  8:49  Extractor  
  110  8:57  Hatchery, Zerg Missile Weapons Level 2  
  109  9:03  Infestation Pit  
  109  9:04  Hatchery, Drone x3  
  110  9:11  Roach  
  110  9:12  Roach x4  
  110  9:16  Overlord x4  
  120  9:39  Spore Crawler  
  120  9:43  Spore Crawler  
  118  9:46  Hydralisk x13  
  144  9:56  Roach  
  144  9:57  Roach x3  
  151  10:01  Hydralisk x3  
  142  10:14  Roach x7  
  104  10:30  Roach x7  
  104  10:36  Roach x2  
  88  10:43  Roach  
  88  10:44  Roach x3  
  91  10:54  Roach x5  
  99  11:11  Drone x7  
  106  11:14  Queen  
  108  11:26  Hydralisk x5  
  118  11:37  Overlord x4  
  116  11:51  Hydralisk x5  
  120  11:57  Roach x3  
  126  12:11  Drone x9  
  126  12:14  Zerg Ground Armor Level 1  
  135  12:20  Hive  
  135  12:22  Lurker Den  
  134  12:25  Queen  
  136  12:41  Ravager x12  
  148  12:46  Hatchery  
  126  12:59  Roach  
  126  13:00  Roach x10  
  146  13:12  Roach x7  
  135  13:13  Roach  
  118  13:20  Roach x2  
  118  13:24  Hydralisk  
  118  13:25  Hydralisk x4  
  106  13:39  Roach x5  
  101  13:50  Roach x3  
  97  13:57  Roach x3  
  97  14:01  Roach x3  
  93  14:04  Roach x2  
  93  14:05  Roach  
  88  14:10  Roach x2  
  88  14:15  Roach  
  85  14:23  Zergling x2  
  85  14:24  Zergling x4  
  73  14:27  Roach x2  
Tags
 
League
Silver
Matchup
ZvZ
Race
Zerg
Spawn Locations
Cross Positions
Add a new tag
Caveats
  • Supply blocks, unpowered buildings, or Contaminate may cause inaccurate times.
  • Supply counts are checked every 10 seconds.